 Dungeon Crawl Stone Soup version 0.26-a0-812-g31a745ddcd (webtiles) character file.

Game seed: 16283845035330079030

3282 schauveau the Cleaver (level 10, -1/64 HPs)
             Began as a Gargoyle Fighter on Nov 13, 2020.
             Was a Follower of Okawaru.
             Splashed by Joseph's acid (11 damage)
             ... on level 8 of the Dungeon.
             The game lasted 00:11:56 (8285 turns).

schauveau the Cleaver (Gargoyle Fighter)            Turns: 8285, Time: 00:11:56

Health: -1/64      AC: 16    Str: 23    XL:     10   Next: 0%
Magic:  10/10      EV: 11    Int:  9    God:    Okawaru [*.....]
Gold:   279        SH:  0    Dex:  9    Spells: 9/9 levels left

rFire    . . .     SeeInvis .   a - +0 war axe
rCold    . . .     Faith    .   (no shield)
rNeg     + . .     Spirit   .   G - +0 plate armour
rPois    ∞         Reflect  .   u - +1 helmet
rElec    +         Harm     .   (no cloak)
rCorr    .         Rampage  .   h - +0 pair of gloves
MR       .....                  (no boots)
Stlth    ..........             (no amulet)
HPRegen  0.20/turn              p - +4 ring of evasion
MPRegen  0.12/turn              (no ring)

@: corroded
A: negative energy resistance 1, electricity resistance, unbreathing,
petrification resistance, rot immunity, AC +7
a: Heroism, Renounce Religion


You were on level 8 of the Dungeon.
You worshipped Okawaru.
Okawaru was aware of your devotion.
You visited 2 branches of the dungeon, and saw 9 of its levels.
You also visited: Sewer.

You collected 357 gold pieces.
You spent 78 gold pieces at shops.

Inventory:

Hand Weapons
 a - a +0 war axe (weapon)
 e - a +1 vampiric hand axe
 w - a +0 battleaxe
Missiles
 t - 12 poisoned darts (quivered)
 A - 4 javelins
 H - 44 arrows
Armour
 c - a +0 kite shield
 h - a +0 pair of gloves (worn)
 q - a +1 chain mail of fire resistance
 u - a +1 helmet (worn)
 G - a +0 plate armour (worn)
Jewellery
 p - a +4 ring of evasion (left hand)
Wands
 s - a wand of polymorph (12)
Scrolls
 g - 2 scrolls of amnesia
 k - a scroll of fear {unknown}
 m - 3 scrolls of teleportation
 r - a scroll of noise {unknown}
 y - 2 scrolls of enchant armour
 B - a scroll of remove curse {unknown}
 C - a scroll of immolation {unknown}
 D - a scroll of identify
 E - a scroll of magic mapping
 F - a scroll of fog {unknown}
 I - a scroll of random uselessness {unknown}
Potions
 b - a potion of resistance
 d - 5 potions of might
 f - a potion of brilliance {unknown}
 i - 2 potions of mutation
 j - 4 potions of curing
 l - 2 potions of haste
 n - a potion of heal wounds
 o - 2 potions of invisibility {unknown}
 v - a potion of cancellation {unknown}
 x - a potion of flight {unknown}
 z - 4 potions of attraction {unknown}
 J - a potion of degeneration {unknown}


   Skills:
 + Level 8.2 Fighting
 * Level 9.1 Axes
 + Level 8.2 Armour
 - Level 3.3 Shields


You had 9 spell levels left.
You didn't know any spells.
Your spell library contained the following spells:

 Spells                   Type           Power        Failure   Level
 Corona                   Hex            #......      99%         1
 Ensorcelled Hibernation  Hex/Ice        #.....       100%        2
 Confusing Touch          Hex            #.......     100%        3
 Dazzling Flash           Conj/Hex       #.....       100%        3
 Tukima's Dance           Hex            #.......     100%        3


Dungeon Overview and Level Annotations

Branches:
Dungeon (8/15)             Temple (1/1) D:4           Sewer (visited)
   Lair: D:8-11

Altars:
Ashenzari
Cheibriados
Dithmenos
Fedhas
Hepliaklqana
Kikubaaqudgha
Makhleb
Nemelex Xobeh
Okawaru
Qazlal
Ru
Sif Muna
Uskayaw
Vehumet
Wu Jian
Yredelemnul
Zin
The Shining One

Shops:
D:4 (*

Annotations:
D:6 exclusion: oklob plant
D:8 Joseph


Innate Abilities, Weirdness & Mutations

You are resistant to torment.
Your stone body is resilient. (AC +7)
You are immune to poison.
You resist negative energy. (rN+)
You are resistant to electric shocks. (rElec)
You can survive without breathing.
You are immune to petrification.
You are immune to rotting.


Message History

* * * LOW HITPOINT WARNING * * *
The acid corrodes you!
You are splashed with acid.
* * * LOW HITPOINT WARNING * * *
You hit Joseph.
Joseph is severely wounded.
Joseph hits you with a +0 quarterstaff!
* * * LOW HITPOINT WARNING * * *
You feel much better. Joseph hits you but does no damage.
Your plate armour prevents you from hitting Joseph.
Joseph is severely wounded.
Joseph zaps a wand.
The bolt of acid misses you.
You slash Joseph!
Joseph is almost dead.
Joseph hits you with a +0 quarterstaff.
You slash Joseph!
Joseph is almost dead.
Joseph zaps a wand.
The bolt of acid hits you!
* * * LOW HITPOINT WARNING * * *
You are splashed with acid!
You die...

#........................
#........................
#..@........(............
#...........<............
#..............##.##..###
#......S..... #....#### #.
#..........# #........
#..#...(#### #>.......
#......@@.# #........
##.........# #........
#..........# ##.......>
........>..# #.........
.#.........# #.........
##.......## ##.........
###.#.#)).## ##...####...
.......)...####..#.# #....
##..#...#.....#.##.###..#.


You could see Joseph.

Vanquished Creatures
  2 humans (D:8)
  Menkaure (D:4)
  2 sky beasts
  2 ice beasts
  A necrophage (D:7)
  2 centaurs
  4 ogres
  2 bullfrogs
  2 scorpions (D:5)
  4 killer bees (D:7)
  4 wights
  A howler monkey (D:4)
  A quasit (D:8)
  6 orc priests
  8 orc wizards
  A centaur skeleton (D:4)
  3 hounds
  2 jellies
  Jessica (D:2)
  2 iguanas
  Terence (D:3)
  5 worker ants
  Natasha (thrice) (D:4)
  2 hound zombies
  A worker ant zombie (D:6)
  Robin (D:4)
  6 gnolls
  16 adders
  2 white imps (D:8)
  4 oozes
  2 adder skeletons
  3 worms
  A dart slug (D:1)
  5 leopard geckos
  19 orcs
  3 bats
  3 giant cockroaches
  16 goblins
  8 hobgoblins
  12 jackals
  6 kobolds
  3 quokkas
  3 ball pythons
  A ball python skeleton (D:4)
  13 frilled lizards
  A quokka zombie (D:6)
  9 rats
200 creatures vanquished.

Vanquished Creatures (others)
  15 plants (Sewer)
15 creatures vanquished.

Grand Total: 215 creatures vanquished

Notes
Turn   | Place    | Note
-------+----------+-------------------------------------------
     0 | D:1      | schauveau the Gargoyle Fighter began the quest for the Orb.
     0 | D:1      | Reached XP level 1. HP: 14/14 MP: 1/1
   180 | D:2      | Reached skill level 2 in Axes
   186 | D:2      | Reached XP level 2. HP: 19/19 MP: 2/2
   321 | D:2      | Noticed Jessica
   341 | D:2      | Killed Jessica
   341 | D:2      | Reached XP level 3. HP: 24/24 MP: 3/3
   506 | D:3      | Reached XP level 4. HP: 29/29 MP: 4/4
   542 | D:3      | Reached skill level 3 in Axes
   650 | D:3      | Reached XP level 5. HP: 28/33 MP: 5/5
   712 | D:3      | Found a glowing drain.
   770 | Sewer    | Entered a sewer
  1458 | D:3      | Found a faded altar of an unknown god.
  1459 | D:3      | Noticed Terence
  1485 | D:3      | Killed Terence
  1485 | D:3      | Reached skill level 4 in Axes
  1485 | D:3      | Reached XP level 6. HP: 39/39 MP: 6/6
  2234 | D:4      | Found Zin's Purification Station.
  2238 | D:4      | Found a glowing silver altar of Zin.
  2241 | D:4      | Noticed Robin
  2254 | D:4      | Killed Robin
  2348 | D:4      | Noticed Natasha
  2368 | D:4      | Killed Natasha
  2400 | D:4      | Found Vonguesi's Weapon Boutique.
  2412 | D:4      | Bought a +0 battleaxe for 78 gold pieces
  2422 | D:4      | Found a staircase to the Ecumenical Temple.
  2436 | Temple   | Entered the Ecumenical Temple
  2663 | D:4      | Noticed Menkaure
  2674 | D:4      | Reached skill level 5 in Armour
  2676 | D:4      | Killed Menkaure
  2676 | D:4      | Reached skill level 5 in Fighting
  2676 | D:4      | Reached skill level 5 in Axes
  2676 | D:4      | Reached XP level 7. HP: 27/44 MP: 7/7
  4156 | D:4      | Noticed Natasha
  4168 | D:4      | Killed Natasha
  4187 | D:4      | Noticed Natasha
  4197 | D:4      | Killed Natasha
  4407 | D:5      | Entered Level 5 of the Dungeon
  4577 | D:5      | Reached XP level 8. HP: 51/51 MP: 8/8
  4588 | D:5      | Reached skill level 6 in Axes
  4845 | D:6      | Found a snail-covered altar of Cheibriados.
  4914 | D:6      | Found a radiant altar of Vehumet.
  4914 | D:6      | Noticed an oklob plant
  5712 | D:7      | Reached skill level 7 in Axes
  6039 | D:8      | Reached XP level 9. HP: 34/56 MP: 9/9
  6250 | D:7      | Reached skill level 8 in Axes
  6724 | D:8      | Found an iron altar of Okawaru.
  6737 | D:8      | Became a worshipper of Warmaster Okawaru
  7322 | D:6      | Reached * piety under Okawaru
  7687 | D:5      | Reached skill level 9 in Axes
  8242 | D:8      | Reached XP level 10. HP: 64/64 MP: 10/10
  8263 | D:8      | Noticed Joseph
  8281 | D:8      | HP: 3/64 [Joseph/+0 quarterstaff (8)]
  8285 | D:8      | Splashed by Joseph's acid

Illustrated notes

Levels and vault maps discovered:
D:1:      minmay_arrival_plants_in_alcoves, layout_rooms
D:2:      layout_basic, uniq_jessica
D:3:      layout_basic, gup_sewer_entry_glass,
          chequers_ecumenical_altar_simple_redux, uniq_terence
D:4:      layout_loops_ring, zin_purify, minmay_temple_entry_waves,
          serial_shops, nicolae_shop_waterfront, uniq_robin, uniq_menkaure,
          uniq_natasha
D:5:      layout_loops_ring
D:6:      layout_basic, overflow_temple_1_default, lemuel_oklob_altar
D:7:      layout_loops_cross
D:8:      layout_rooms, okawaru_humans, david_lair_shrubbed, uniq_joseph
Temple:   regret_index_temple_generic_petals

Skill      XL: |  1  2  3  4  5  6  7  8  9 |
---------------+----------------------------+-----
Axes           | 2 3 4 5 7 9 |  9.1
Fighting       | 4 5 6 8 |  8.2
Armour         | 4 5 6 8 |  8.2
Shields        | |  3.3

Action                   |  1- 3 |  4- 6 |  7- 9 | 10-12 || total
-------------------------+-------+-------+-------+-------++-------
Melee: Hand axe          |    54 |   280 |       |       ||   334
       War axe           |       |    17 |   451 |    24 ||   492
  Use: Scroll            |       |       |     9 |       ||     9
       Potion            |       |       |       |     1 ||     1
Armor: Scale mail        |    36 |    88 |       |       ||   124
       Chain mail        |       |    65 |   115 |       ||   180
       Plate armour      |       |       |   307 |    12 ||   319
Dodge: Dodged            |    19 |   113 |   374 |     9 ||   515
Block: Kite shield       |    34 |   128 |       |       ||   162

Table legend: (Time is in decaauts)
 A = Elapsed time spent in this place.
 B = Non-inter-level travel time spent in this place.
 C = Inter-level travel time spent in this place.
 D = Time resting spent in this place.
 E = Time spent auto-exploring this place.
 F = Levels seen in this place.
 G = Mean time per level.
                   A        B        C        D        E       F      G
               +--------+--------+--------+--------+--------+-----+--------+
         Total |   8612 |   8124 |    488 |    442 |   4990 |  10 |  861.2 |
       Dungeon |   7584 |   7101 |    483 |    442 |   4289 |   8 |  948.0 |
        Temple |    199 |    194 |      5 |      0 |    168 |   1 |  199.0 |
         Sewer |    827 |    827 |      0 |      0 |    533 |   1 |  827.0 |
               +--------+--------+--------+--------+--------+-----+--------+

Top non-repeatable levels by time:
     D:7: 1370 daAuts
     D:3: 1358 daAuts
     D:6: 1156 daAuts
     D:2: 1018 daAuts
     D:4: 945 daAuts
     D:5: 929 daAuts
   Sewer: 827 daAuts
     D:8: 460 daAuts
     D:1: 345 daAuts
  Temple: 199 daAuts
